NEW YORK Rangers vs ST. LOUIS Blues

Created - 6 mars 2024 at 11:01

Goals
1 2 3 T
NEW YORK Rangers 2 0 1 3
ST. LOUIS Blues 2 2 1 5
Shots
1 2 3 T
NEW YORK Rangers 11 11 15 37
ST. LOUIS Blues 5 12 10 27

1st period

1. ST. LOUIS Blues , Kevin Labanc 2 (Roope Hintz 30, Erik Gustafsson 15) at 4:57
2. NEW YORK Rangers , Jared Spurgeon 13 (Kasperi Kapanen 12, Justin Faulk 28) at 7:52 (PP)
3. NEW YORK Rangers , Chris Kreider 23 (Andrew Copp 16, Cam Fowler 25) at 8:14 (PP)
4. ST. LOUIS Blues , Erik Haula 9 (Marcus Johansson 5, Brandon Tanev 5) at 18:51

Penalties :
Dante Fabbro (NYR) for Hooking (Minor) at 2:37, Gustav Forsling (STL) for Holding (Minor) at 5:48, Oscar Klefbom (STL) for High sticking (Minor) at 6:04, Erik Haula (STL) for Tripping (Minor) at 7:53

2nd period

5. ST. LOUIS Blues , Roope Hintz 24 (Damon Severson 17, Erik Gustafsson 16) at 1:29
6. ST. LOUIS Blues , Gustav Forsling 12 (Erik Karlsson 23, Roope Hintz 31) at 19:28 (PP)

Penalties :
Evgeny Kuznetsov (STL) for Slashing (Minor) at 2:23, Colin Miller (STL) for High sticking (Minor) at 15:29, Timo Meier (NYR) for Hooking (Minor) at 19:22

3rd period

7. ST. LOUIS Blues , Damon Severson 10 (Calle Jarnkrok 13, Jack Roslovic 15) at 8:15
8. NEW YORK Rangers , Brayden Schenn 15 (Timo Meier 22, Cam Fowler 26) at 10:38

Penalties :
Gustav Forsling (STL) for Roughing (Minor) at 2:41, Filip Gustavsson (STL) for Delaying the game (Minor) at 14:32 - Gustav Forsling served the penalty.

Goalie Stats

Eric Comrie (NYR), 6 saves from 6 shots - (1,000), 11:45 minutes
Linus Ullmark (NYR), 16 saves from 21 shots - (0,762), L, 26-9-4, 48:15 minutes
Filip Gustavsson (STL), 34 saves from 37 shots - (0,919), W, 21-14-3, 60:00 minutes

Players Stats for NEW YORK Rangers

Player Name              G  A  P  +/- PIM S  H  SB GA TA FO     MP     PP MP  PK MP  
------------------------------------------------------------------------------------
Andrew Copp              0  1  1  -2  0   5  1  0  0  0  8/15   15:14   5:31   0:08 
Brayden Schenn           1  0  1   1  0   5  2  1  0  0  16/29  20:49   4:50   0:48 
Cam Fowler               0  2  2   0  0   1  0  0  0  0  0/0    21:23   4:50   1:02 
Casey Cizikas            0  0  0   0  0   1  0  0  0  0  2/4     3:29   0:00   0:00 
Chris Kreider            1  0  1  -2  0   4  0  0  0  0  1/1    25:59   5:31   1:09 
Conor Garland            0  0  0   1  0   2  0  0  0  0  0/2    15:11   0:00   0:00 
Dante Fabbro             0  0  0  -1  2   0  1  0  0  0  0/0    11:43   0:00   0:00 
Jacob Middleton          0  0  0  -1  0   2  0  1  0  0  0/0    11:52   0:00   0:08 
Jamie Benn               0  0  0  -2  0   3  4  0  0  0  23/40  25:59   5:31   1:09 
Jared Spurgeon           1  0  1  -2  0   2  1  0  0  0  0/0    26:45   5:31   0:55 
Justin Faulk             0  1  1  -2  0   1  6  3  0  0  0/0    26:53   5:31   1:03 
Kasperi Kapanen          0  1  1  -2  0   3  2  0  0  0  0/1    14:25   4:50   0:00 
Kirill Marchenko         0  0  0  -2  0   0  0  0  0  0  0/1     9:35   0:00   0:00 
Mats Zuccarello          0  0  0  -2  0   1  0  0  0  0  0/3    19:19   0:00   0:00 
Ryan Lomberg             0  0  0   0  0   0  0  0  0  0  0/0     3:29   0:00   0:00 
Timo Meier               0  1  1   1  2   3  1  0  0  0  1/2    20:42   4:50   0:42 
Tyler Myers              0  0  0   0  0   3  1  0  0  0  0/0    21:23   4:50   1:02 
Vladislav Namestnikov    0  0  0   0  0   1  0  0  0  0  0/1     3:43   0:00   0:14 

Players Stats for ST. LOUIS Blues

Player Name              G  A  P  +/- PIM S  H  SB GA TA FO     MP     PP MP  PK MP  
------------------------------------------------------------------------------------
Brandon Tanev            0  1  1   1  0   0  2  0  0  0  0/0    13:36   0:48   0:00 
Calle Jarnkrok           0  1  1   1  0   0  1  0  0  0  1/1    17:16   0:00   0:30 
Colin Miller             0  0  0   1  2   2  0  1  0  0  0/0    14:03   0:45   0:29 
Damon Severson           1  1  2   2  0   2  1  2  0  0  0/0    19:13   0:00   5:07 
Erik Brannstrom          0  0  0   0  0   0  0  0  0  0  0/0     0:00   0:00   0:00 
Erik Gustafsson          0  2  2   2  0   0  1  0  0  0  0/0    16:52   0:00   2:46 
Erik Haula               1  0  1   1  2   4  0  0  0  0  9/18   16:23   0:51   2:45 
Erik Karlsson            0  1  1   0  0   0  2  1  0  0  0/0    27:22   1:20   5:24 
Evgeny Kuznetsov         0  0  0   0  2   1  2  0  0  0  13/29  18:36   1:14   1:54 
Gustav Forsling          1  0  1   0  4   3  1  2  0  0  0/0    24:18   1:20   2:22 
Jack Roslovic            0  1  1   1  0   0  1  0  0  0  1/2    17:44   0:26   0:32 
Jonathan Marchessault    0  0  0   0  0   1  2  0  0  0  1/2    23:05   0:51   6:45 
Kevin Labanc             1  0  1   1  0   1  0  0  0  0  0/1     2:31   0:00   0:00 
Marcus Johansson         0  1  1   1  0   1  1  0  0  0  1/2    12:48   0:00   0:00 
Oliver Bjorkstrand       0  0  0   0  0   2  1  1  0  0  2/3    16:43   1:14   0:00 
Oscar Klefbom            0  0  0   1  2   1  1  2  0  0  0/0    18:08   0:45   4:33 
Robby Fabbri             0  0  0   1  0   0  0  0  0  0  2/2     3:16   0:45   0:00 
Roope Hintz              1  2  3   2  0   9  0  0  0  0  18/39  25:56   0:06   6:33 

3 Stars

1 - Roope Hintz (STL)
2 - Damon Severson (STL)
3 - Erik Gustafsson (STL)

Power Play

NEW YORK Rangers - 2 on 7 Attempt(s) - 28,57%
ST. LOUIS Blues - 1 on 2 Attempt(s) - 50,00%

Penalty Kill

NEW YORK Rangers - 1 on 2 Attempt(s) - 50,00% - Score 0 goal in Penalty Kill
ST. LOUIS Blues - 5 on 7 Attempt(s) - 71,43% - Score 0 goal in Penalty Kill

Team Stat

NEW YORK Rangers - Hits : 19 - Faceoff Wins : 51 - Blocked Shots : 5 - Penalty Minutes : 4
ST. LOUIS Blues - Hits : 16 - Faceoff Wins : 48 - Blocked Shots : 9 - Penalty Minutes : 14

Official

Referees : Tom Chmielewski and Graham Skilliter
Linesman : Brandon Gawryletz and Caleb Apperson

Game Notes

Eric Comrie enters game at 8:15 of 3rd period

Finance

Level 1 -- Attendance: 6351 (90,73%) -- Ticket Income $603,345
Level 2 -- Attendance: 5000 (100,00%) -- Ticket Income $275,000
Level 3 -- Attendance: 2000 (100,00%) -- Ticket Income $70,000
Level 4 -- Attendance: 4000 (100,00%) -- Ticket Income $80,000
Luxury Box -- Attendance: 1090 (72,67%) -- Ticket Income $185,300
Game was played at the Scottrade Center.
Total Attendance: 18441 (94,57%)
Total Ticket Income: $1,213,645
Other Income: $303,411
Total Income: $1,517,056

NEW YORK Rangers

5 vs 5 Forward 
   Center                   Left Wing                Right Wing               Time % Phy DF OF 
 1 Jamie Benn               Chris Kreider            Mats Zuccarello          40     1   2  2  
 2 Brayden Schenn           Timo Meier               Conor Garland            30     1   2  2  
 3 Andrew Copp              Kasperi Kapanen          Kirill Marchenko         20     1   3  1  
 4 Casey Cizikas            Ryan Lomberg             Vladislav Namestnikov    10     3   2  0  

5 vs 5 Defense 
   Defense                  Defense                                           Time % Phy DF OF 
 1 Jared Spurgeon           Justin Faulk                                      40     0   3  2  
 2 Cam Fowler               Tyler Myers                                       33     1   3  1  
 3 Jacob Middleton          Dante Fabbro                                      26     2   2  1  
 4 Jared Spurgeon           Justin Faulk                                      1      1   2  2  

PowerPlay Forward 
   Center                   Left Wing                Right Wing               Time % Phy DF OF 
 1 Jamie Benn               Chris Kreider            Andrew Copp              60     1   2  2  
 2 Brayden Schenn           Timo Meier               Kasperi Kapanen          40     1   2  2  

PowerPlay Defense
   Defense                  Defense                                           Time % Phy DF OF 
 1 Jared Spurgeon           Justin Faulk                                      60     1   2  2  
 2 Cam Fowler               Tyler Myers                                       40     1   2  2  

Penalty Kill 4 Players Forward 
   Center                   Wing                     Time % Phy DF OF 
 1 Jamie Benn               Chris Kreider            60     1   2  2  
 2 Brayden Schenn           Timo Meier               40     1   2  2  

Penalty Kill 4 Players Defense
   Defense                  Defense                  Time % Phy DF OF 
 1 Jared Spurgeon           Justin Faulk             60     1   2  2  
 2 Cam Fowler               Tyler Myers              40     1   2  2  

Penalty Kill - 3 Players Forward 
   Forward                                           Time % Phy DF OF 
 1 Jamie Benn                                        60     1   2  2  
 2 Brayden Schenn                                    40     1   2  2  

Penalty Kill - 3 Players Defense
   Defense                  Defense                  Time % Phy DF OF 
 1 Jared Spurgeon           Justin Faulk             60     1   2  2  
 2 Cam Fowler               Tyler Myers              40     1   2  2  

4 vs 4 Forward 
   Center                   Wing                     Time % Phy DF OF 
 1 Jamie Benn               Chris Kreider            60     1   2  2  
 2 Brayden Schenn           Timo Meier               40     1   2  2  

4 vs 4 Defense
   Defense                  Defense                  Time % Phy DF OF 
 1 Jared Spurgeon           Justin Faulk             60     1   2  2  
 2 Cam Fowler               Tyler Myers              40     1   2  2  

Last Minutes Offensive
   Center                   Left Wing                Right Wing               Defense                  Defense                  
   Jamie Benn               Chris Kreider            Andrew Copp              Jared Spurgeon           Justin Faulk             

Last Minutes Defensive
   Center                   Left Wing                Right Wing               Defense                  Defense                  
   Jamie Benn               Chris Kreider            Andrew Copp              Jared Spurgeon           Justin Faulk             

Goaltenders
Starting : Linus Ullmark            
Backup : Eric Comrie              

Extra Forwards
Normal : Brayden Schenn, Andrew Copp, Conor Garland - PP : Brayden Schenn, Andrew Copp - PK : Brayden Schenn
Extra Defensemen
Normal : Tyler Myers, Jacob Middleton, Dante Fabbro - PP : Tyler Myers - PK : Tyler Myers, Jacob Middleton
Penalty Shots
Jamie Benn, Chris Kreider, Timo Meier, Mats Zuccarello, Brayden Schenn

Scratches
Mason Shaw (Healthy)

ST. LOUIS Blues

5 vs 5 Forward 
   Center                   Left Wing                Right Wing               Time % Phy DF OF 
 1 Evgeny Kuznetsov         Jonathan Marchessault    Oliver Bjorkstrand       35     1   2  2  
 2 Roope Hintz              Calle Jarnkrok           Jack Roslovic            35     1   2  2  
 3 Erik Haula               Brandon Tanev            Marcus Johansson         20     1   2  2  
 4 Robby Fabbri             Kevin Labanc             Roope Hintz              10     1   2  2  

5 vs 5 Defense 
   Defense                  Defense                                           Time % Phy DF OF 
 1 Erik Karlsson            Gustav Forsling                                   40     1   2  2  
 2 Damon Severson           Erik Gustafsson                                   30     1   2  2  
 3 Colin Miller             Oscar Klefbom                                     20     1   2  2  
 4 Gustav Forsling          Erik Karlsson                                     10     1   2  2  

PowerPlay Forward 
   Center                   Left Wing                Right Wing               Time % Phy DF OF 
 1 Roope Hintz              Jonathan Marchessault    Erik Haula               60     1   2  2  
 2 Evgeny Kuznetsov         Oliver Bjorkstrand       Jack Roslovic            40     1   2  2  

PowerPlay Defense
   Defense                  Defense                                           Time % Phy DF OF 
 1 Erik Karlsson            Gustav Forsling                                   60     1   2  2  
 2 Damon Severson           Colin Miller                                      40     1   2  2  

Penalty Kill 4 Players Forward 
   Center                   Wing                     Time % Phy DF OF 
 1 Roope Hintz              Jonathan Marchessault    60     1   2  2  
 2 Erik Haula               Evgeny Kuznetsov         40     1   2  2  

Penalty Kill 4 Players Defense
   Defense                  Defense                  Time % Phy DF OF 
 1 Erik Karlsson            Gustav Forsling          60     1   2  2  
 2 Damon Severson           Oscar Klefbom            40     1   2  2  

Penalty Kill - 3 Players Forward 
   Forward                                           Time % Phy DF OF 
 1 Roope Hintz                                       60     1   2  2  
 2 Jonathan Marchessault                             40     1   2  2  

Penalty Kill - 3 Players Defense
   Defense                  Defense                  Time % Phy DF OF 
 1 Erik Karlsson            Gustav Forsling          60     1   2  2  
 2 Damon Severson           Oscar Klefbom            40     1   2  2  

4 vs 4 Forward 
   Center                   Wing                     Time % Phy DF OF 
 1 Roope Hintz              Jonathan Marchessault    60     1   2  2  
 2 Erik Haula               Evgeny Kuznetsov         40     1   2  2  

4 vs 4 Defense
   Defense                  Defense                  Time % Phy DF OF 
 1 Erik Karlsson            Gustav Forsling          60     1   2  2  
 2 Damon Severson           Colin Miller             40     1   2  2  

Last Minutes Offensive
   Center                   Left Wing                Right Wing               Defense                  Defense                  
   Roope Hintz              Jonathan Marchessault    Oliver Bjorkstrand       Erik Karlsson            Gustav Forsling          

Last Minutes Defensive
   Center                   Left Wing                Right Wing               Defense                  Defense                  
   Roope Hintz              Jonathan Marchessault    Oliver Bjorkstrand       Erik Karlsson            Gustav Forsling          

Goaltenders
Starting : Filip Gustavsson         
Backup : Marc-Andre Fleury        

Extra Forwards
Normal : Evgeny Kuznetsov, Brandon Tanev, Jack Roslovic - PP : Evgeny Kuznetsov, Brandon Tanev - PK : Jack Roslovic
Extra Defensemen
Normal : Colin Miller, Oscar Klefbom, Gustav Forsling - PP : Colin Miller - PK : Oscar Klefbom, Erik Karlsson
Penalty Shots
Roope Hintz, Jonathan Marchessault, Erik Karlsson, Evgeny Kuznetsov, Gustav Forsling

Scratches
None


% Time on Ice - NEW YORK Rangers

Lines # - Real PCT - Wanted PCT - Time Play
Normal Forward
1 - 41% - 40% - 19:19
2 - 32% - 30% - 15:11
3 - 20% - 20% - 9:35
4 - 7% - 10% - 3:29
Normal Defense
1 - 43% - 40% - 20:19
2 - 33% - 33% - 15:31
3 - 25% - 26% - 11:44
4 - 0% - 1% - 0:00
PP Forward
1 - 53% - 60% - 5:31
2 - 47% - 40% - 4:50
PP Defense
1 - 53% - 60% - 5:31
2 - 47% - 40% - 4:50
PK Forward
1 - 66% - 60% - 1:23
2 - 34% - 40% - 0:42
PK Defense
1 - 50% - 60% - 1:03
2 - 50% - 40% - 1:02
PK3 Forward
1 - 0% - 60%
2 - 0% - 40%
PK3 Defense
1 - 0% - 60%
2 - 0% - 40%
44 Forward
1 - 0% - 60%
2 - 0% - 40%
44 Defense
1 - 0% - 60%
2 - 0% - 40%
Last Minute Offensive  - 0:00
Last Minute Defensive  - 0:00
Total
Forward - 60:00
Defense - 60:00

% Time on Ice - ST. LOUIS Blues

Lines # - Real PCT - Wanted PCT - Time Play
Normal Forward
1 - 33% - 35% - 15:29
2 - 35% - 35% - 16:46
3 - 27% - 20% - 12:48
4 - 5% - 10% - 2:31
Normal Defense
1 - 40% - 40% - 19:03
2 - 30% - 30% - 14:06
3 - 27% - 20% - 12:50
4 - 3% - 10% - 1:35
PP Forward
1 - 41% - 60% - 0:51
2 - 59% - 40% - 1:14
PP Defense
1 - 64% - 60% - 1:20
2 - 36% - 40% - 0:45
PK Forward
1 - 77% - 60% - 6:40
2 - 23% - 40% - 1:58
PK Defense
1 - 54% - 60% - 4:40
2 - 46% - 40% - 3:58
PK3 Forward
1 - 72% - 60% - 1:14
2 - 28% - 40% - 0:29
PK3 Defense
1 - 33% - 60% - 0:34
2 - 67% - 40% - 1:09
44 Forward
1 - 0% - 60%
2 - 0% - 40%
44 Defense
1 - 0% - 60%
2 - 0% - 40%
Last Minute Offensive  - 0:00
Last Minute Defensive  - 0:00
Total
Forward - 60:00
Defense - 60:00

Play-by-Play

1st period


0:01 of 1st period - Jamie Benn wins face-off versus Evgeny Kuznetsov in neutral zone.
0:06 of 1st period - Shot by Chris Kreider.
0:06 of 1st period - Shot Misses the Net.
0:11 of 1st period - Jonathan Marchessault is hit by Justin Faulk and loses puck.
0:17 of 1st period - Jonathan Marchessault is hit by Justin Faulk and loses puck.
0:38 of 1st period - Oliver Bjorkstrand is hit by Justin Faulk and loses puck.
1:02 of 1st period - Shot by Jack Roslovic.
1:02 of 1st period - Shot Blocked by Justin Faulk.
2:37 of 1st period - Minor Penalty to Dante Fabbro for Hooking.
2:38 of 1st period - Jamie Benn wins face-off versus Evgeny Kuznetsov in NEW YORK Rangers zone.
2:53 of 1st period - Shot by Erik Karlsson.
2:53 of 1st period - Shot Misses the Net.
2:55 of 1st period - Shot by Oliver Bjorkstrand.
2:55 of 1st period - Shot Misses the Net.
4:08 of 1st period - Shot by Erik Haula.
4:08 of 1st period - Shot Misses the Net.
4:10 of 1st period - Shot by Colin Miller.
4:10 of 1st period - Stopped by Linus Ullmark without a rebound.
4:11 of 1st period - Evgeny Kuznetsov wins face-off versus Vladislav Namestnikov in NEW YORK Rangers zone.
4:21 of 1st period - Icing by Erik Karlsson.
4:22 of 1st period - Evgeny Kuznetsov wins face-off versus Brayden Schenn in ST. LOUIS Blues zone.
4:53 of 1st period - Shot by Roope Hintz.
4:53 of 1st period - Shot Blocked by Jacob Middleton.
4:55 of 1st period - Shot by Kevin Labanc.
4:55 of 1st period - Shot Misses the Net.
4:57 of 1st period - Shot by Kevin Labanc.
4:57 of 1st period - The goal is going for a video replay.
4:57 of 1st period - The goal is good.
4:57 of 1st period - Goal by Kevin Labanc - NEW YORK Rangers : 0 - ST. LOUIS Blues : 1.
4:58 of 1st period - Erik Haula wins face-off versus Casey Cizikas in neutral zone.
5:04 of 1st period - Icing by Tyler Myers.
5:05 of 1st period - Casey Cizikas wins face-off versus Evgeny Kuznetsov in NEW YORK Rangers zone.
5:05 of 1st period - Casey Cizikas is hit by Evgeny Kuznetsov.
5:48 of 1st period - Minor Penalty to Gustav Forsling for Holding.
5:49 of 1st period - Jamie Benn wins face-off versus Roope Hintz in ST. LOUIS Blues zone.
6:03 of 1st period - Jamie Benn is hit by Oscar Klefbom and loses puck.
6:04 of 1st period - Minor Penalty to Oscar Klefbom for High sticking.
6:05 of 1st period - Roope Hintz wins face-off versus Brayden Schenn in ST. LOUIS Blues zone.
6:12 of 1st period - Shot by Justin Faulk.
6:12 of 1st period - Shot Misses the Net.
6:32 of 1st period - Shot by Brayden Schenn.
6:32 of 1st period - Shot Misses the Net.
6:36 of 1st period - Shot by Timo Meier.
6:36 of 1st period - Stopped by Filip Gustavsson with a rebound.
6:38 of 1st period - Shot by Jared Spurgeon.
6:38 of 1st period - Stopped by Filip Gustavsson without a rebound.
6:39 of 1st period - Roope Hintz wins face-off versus Jamie Benn in ST. LOUIS Blues zone.
6:39 of 1st period - Roope Hintz is hit by Jamie Benn.
6:46 of 1st period - Icing by Andrew Copp.
6:47 of 1st period - Jamie Benn wins face-off versus Jonathan Marchessault in NEW YORK Rangers zone.
6:53 of 1st period - Cam Fowler is hit by Erik Gustafsson and loses puck.
7:04 of 1st period - Shot by Cam Fowler.
7:04 of 1st period - Shot Misses the Net.
7:16 of 1st period - Shot by Tyler Myers.
7:16 of 1st period - Stopped by Filip Gustavsson without a rebound.
7:17 of 1st period - Brayden Schenn wins face-off versus Roope Hintz in ST. LOUIS Blues zone.
7:22 of 1st period - Shot by Justin Faulk.
7:22 of 1st period - Shot Misses the Net.
7:52 of 1st period - Shot by Jared Spurgeon.
7:52 of 1st period - Goal by Jared Spurgeon - NEW YORK Rangers : 1 - ST. LOUIS Blues : 1.
7:53 of 1st period - Jamie Benn wins face-off versus Erik Haula in neutral zone.
7:53 of 1st period - Minor Penalty to Erik Haula for Tripping.
7:54 of 1st period - Roope Hintz wins face-off versus Jamie Benn in ST. LOUIS Blues zone.
8:00 of 1st period - Icing by Chris Kreider.
8:01 of 1st period - Jamie Benn wins face-off versus Roope Hintz in NEW YORK Rangers zone.
8:12 of 1st period - Shot by Andrew Copp.
8:12 of 1st period - Shot Misses the Net.
8:14 of 1st period - Shot by Chris Kreider.
8:14 of 1st period - Goal by Chris Kreider - NEW YORK Rangers : 2 - ST. LOUIS Blues : 1.
8:15 of 1st period - Brayden Schenn wins face-off versus Erik Haula in neutral zone.
9:21 of 1st period - Colin Miller is hit by Jamie Benn and loses puck.
9:31 of 1st period - Icing by Oscar Klefbom.
9:32 of 1st period - Marcus Johansson wins face-off versus Kirill Marchenko in ST. LOUIS Blues zone.
10:02 of 1st period - Shot by Andrew Copp.
10:02 of 1st period - Shot Misses the Net.
10:48 of 1st period - Shot by Mats Zuccarello.
10:48 of 1st period - Stopped by Filip Gustavsson with a rebound.
10:55 of 1st period - Off-side.
10:56 of 1st period - Evgeny Kuznetsov wins face-off versus Brayden Schenn in neutral zone.
11:04 of 1st period - Off-side.
11:05 of 1st period - Evgeny Kuznetsov wins face-off versus Mats Zuccarello in neutral zone.
11:24 of 1st period - Chris Kreider is hit by Jonathan Marchessault and loses puck.
11:33 of 1st period - Shot by Chris Kreider.
11:33 of 1st period - Shot Misses the Net.
12:23 of 1st period - Shot by Brayden Schenn.
12:23 of 1st period - Stopped by Filip Gustavsson without a rebound.
12:24 of 1st period - Roope Hintz wins face-off versus Andrew Copp in ST. LOUIS Blues zone.
12:24 of 1st period - Jack Roslovic is hit by Kasperi Kapanen and loses puck.
12:52 of 1st period - Shot by Kasperi Kapanen.
12:52 of 1st period - Shot Hit the Post.
12:54 of 1st period - Shot by Andrew Copp.
12:54 of 1st period - Stopped by Filip Gustavsson without a rebound.
12:55 of 1st period - Brayden Schenn wins face-off versus Erik Haula in ST. LOUIS Blues zone.
13:33 of 1st period - Shot by Brandon Tanev.
13:33 of 1st period - Shot Misses the Net.
13:53 of 1st period - Icing by Justin Faulk.
13:54 of 1st period - Evgeny Kuznetsov wins face-off versus Brayden Schenn in NEW YORK Rangers zone.
13:57 of 1st period - Shot by Jonathan Marchessault.
13:57 of 1st period - Shot Misses the Net.
14:25 of 1st period - Shot by Oliver Bjorkstrand.
14:25 of 1st period - Shot Misses the Net.
14:51 of 1st period - Gustav Forsling is hit by Dante Fabbro and loses puck.
14:55 of 1st period - Icing by Jacob Middleton.
14:56 of 1st period - Jamie Benn wins face-off versus Roope Hintz in NEW YORK Rangers zone.
15:20 of 1st period - Cam Fowler is hit by Damon Severson.
15:22 of 1st period - Shot by Casey Cizikas.
15:22 of 1st period - Stopped by Filip Gustavsson without a rebound.
15:23 of 1st period - Erik Haula wins face-off versus Andrew Copp in ST. LOUIS Blues zone.
15:43 of 1st period - Tyler Myers is hit by Brandon Tanev and loses puck.
15:58 of 1st period - Colin Miller is hit by Andrew Copp and loses puck.
16:21 of 1st period - Shot by Conor Garland.
16:21 of 1st period - Shot Misses the Net.
16:29 of 1st period - Shot by Brayden Schenn.
16:29 of 1st period - Shot Misses the Net.
16:31 of 1st period - Shot by Brayden Schenn.
16:31 of 1st period - Stopped by Filip Gustavsson without a rebound.
16:32 of 1st period - Jamie Benn wins face-off versus Roope Hintz in ST. LOUIS Blues zone.
16:32 of 1st period - Jamie Benn is hit by Gustav Forsling.
16:39 of 1st period - Icing by Erik Karlsson.
16:40 of 1st period - Chris Kreider wins face-off versus Roope Hintz in ST. LOUIS Blues zone.
16:43 of 1st period - Shot by Jared Spurgeon.
16:43 of 1st period - Shot Misses the Net.
17:05 of 1st period - Shot by Roope Hintz.
17:05 of 1st period - Stopped by Linus Ullmark with a rebound.
17:17 of 1st period - Shot by Roope Hintz.
17:17 of 1st period - Stopped by Linus Ullmark without a rebound.
17:18 of 1st period - Brayden Schenn wins face-off versus Evgeny Kuznetsov in NEW YORK Rangers zone.
17:54 of 1st period - Shot by Timo Meier.
17:54 of 1st period - Shot Misses the Net.
18:23 of 1st period - Icing by Timo Meier.
18:24 of 1st period - Brayden Schenn wins face-off versus Erik Haula in NEW YORK Rangers zone.
18:51 of 1st period - Shot by Marcus Johansson.
18:51 of 1st period - Deflect By Erik Haula.
18:51 of 1st period - Goal by Erik Haula - NEW YORK Rangers : 2 - ST. LOUIS Blues : 2.
18:52 of 1st period - Casey Cizikas wins face-off versus Roope Hintz in neutral zone.
19:20 of 1st period - Shot by Casey Cizikas.
19:20 of 1st period - Shot Misses the Net.
19:22 of 1st period - Shot by Vladislav Namestnikov.
19:22 of 1st period - Stopped by Filip Gustavsson with a rebound.
19:24 of 1st period - Shot by Vladislav Namestnikov.
19:24 of 1st period - Shot Misses the Net.
19:26 of 1st period - Shot by Vladislav Namestnikov.
19:26 of 1st period - Shot Blocked by Gustav Forsling.
Goals for this period are 2 for NEW YORK Rangers vs 2 for ST. LOUIS Blues.
Shots for this period are 11 for NEW YORK Rangers vs 5 for ST. LOUIS Blues.

2nd period


0:01 of 2nd period - Jamie Benn wins face-off versus Evgeny Kuznetsov in neutral zone.
0:16 of 2nd period - Shot by Chris Kreider.
0:16 of 2nd period - Shot Misses the Net.
0:18 of 2nd period - Shot by Jared Spurgeon.
0:18 of 2nd period - Shot Blocked by Oliver Bjorkstrand.
0:54 of 2nd period - Icing by Jonathan Marchessault.
0:55 of 2nd period - Evgeny Kuznetsov wins face-off versus Andrew Copp in ST. LOUIS Blues zone.
1:05 of 2nd period - Icing by Tyler Myers.
1:06 of 2nd period - Andrew Copp wins face-off versus Roope Hintz in NEW YORK Rangers zone.
1:29 of 2nd period - Shot by Roope Hintz.
1:29 of 2nd period - Goal by Roope Hintz - NEW YORK Rangers : 2 - ST. LOUIS Blues : 3.
1:30 of 2nd period - Erik Haula wins face-off versus Brayden Schenn in neutral zone.
1:33 of 2nd period - Jacob Middleton is hit by Brandon Tanev and loses puck.
2:02 of 2nd period - Shot by Erik Haula.
2:02 of 2nd period - Stopped by Linus Ullmark without a rebound.
2:03 of 2nd period - Evgeny Kuznetsov wins face-off versus Jamie Benn in NEW YORK Rangers zone.
2:08 of 2nd period - Shot by Jonathan Marchessault.
2:08 of 2nd period - Shot Misses the Net.
2:10 of 2nd period - Shot by Jonathan Marchessault.
2:10 of 2nd period - Shot Misses the Net.
2:23 of 2nd period - Minor Penalty to Evgeny Kuznetsov for Slashing.
2:24 of 2nd period - Brayden Schenn wins face-off versus Roope Hintz in ST. LOUIS Blues zone.
2:54 of 2nd period - Shot by Timo Meier.
2:54 of 2nd period - Shot Blocked by Gustav Forsling.
2:56 of 2nd period - Shot by Brayden Schenn.
2:56 of 2nd period - Stopped by Filip Gustavsson without a rebound.
2:57 of 2nd period - Jamie Benn wins face-off versus Roope Hintz in ST. LOUIS Blues zone.
3:16 of 2nd period - Shot by Jared Spurgeon.
3:16 of 2nd period - Shot Blocked by Oscar Klefbom.
3:40 of 2nd period - Shot by Chris Kreider.
3:40 of 2nd period - Deflect By Jamie Benn.
3:40 of 2nd period - Stopped by Filip Gustavsson with a rebound.
3:42 of 2nd period - Shot by Jared Spurgeon.
3:42 of 2nd period - Shot Blocked by Oscar Klefbom.
4:36 of 2nd period - Shot by Ryan Lomberg.
4:36 of 2nd period - Shot Hit the Post.
5:38 of 2nd period - Shot by Chris Kreider.
5:38 of 2nd period - Stopped by Filip Gustavsson without a rebound.
5:39 of 2nd period - Brayden Schenn wins face-off versus Evgeny Kuznetsov in ST. LOUIS Blues zone.
5:44 of 2nd period - Shot by Timo Meier.
5:44 of 2nd period - Deflect By Conor Garland.
5:44 of 2nd period - Stopped by Filip Gustavsson without a rebound.
5:45 of 2nd period - Evgeny Kuznetsov wins face-off versus Brayden Schenn in ST. LOUIS Blues zone.
6:03 of 2nd period - Shot by Timo Meier.
6:03 of 2nd period - Shot Hit the Post.
6:20 of 2nd period - Shot by Brayden Schenn.
6:20 of 2nd period - Shot Misses the Net.
6:22 of 2nd period - Shot by Conor Garland.
6:22 of 2nd period - Shot Misses the Net.
7:04 of 2nd period - Shot by Mats Zuccarello.
7:04 of 2nd period - Shot Blocked by Colin Miller.
7:10 of 2nd period - Shot by Oscar Klefbom.
7:10 of 2nd period - Stopped by Linus Ullmark without a rebound.
7:11 of 2nd period - Andrew Copp wins face-off versus Erik Haula in NEW YORK Rangers zone.
7:16 of 2nd period - Damon Severson is hit by Kasperi Kapanen and loses puck.
8:07 of 2nd period - Shot by Roope Hintz.
8:07 of 2nd period - Stopped by Linus Ullmark without a rebound.
8:08 of 2nd period - Robby Fabbri wins face-off versus Jamie Benn in NEW YORK Rangers zone.
8:28 of 2nd period - Icing by Jared Spurgeon.
8:29 of 2nd period - Evgeny Kuznetsov wins face-off versus Mats Zuccarello in NEW YORK Rangers zone.
8:55 of 2nd period - Icing by Jared Spurgeon.
8:56 of 2nd period - Jamie Benn wins face-off versus Roope Hintz in NEW YORK Rangers zone.
9:28 of 2nd period - Shot by Roope Hintz.
9:28 of 2nd period - Shot Blocked by Justin Faulk.
9:38 of 2nd period - Shot by Roope Hintz.
9:38 of 2nd period - Stopped by Linus Ullmark without a rebound.
9:39 of 2nd period - Oliver Bjorkstrand wins face-off versus Conor Garland in NEW YORK Rangers zone.
10:01 of 2nd period - Shot by Oliver Bjorkstrand.
10:01 of 2nd period - Shot Misses the Net.
10:03 of 2nd period - Shot by Jonathan Marchessault.
10:03 of 2nd period - Deflect By Oliver Bjorkstrand.
10:03 of 2nd period - Shot Misses the Net.
10:07 of 2nd period - Shot by Jonathan Marchessault.
10:07 of 2nd period - Deflect By Oliver Bjorkstrand.
10:07 of 2nd period - Stopped by Linus Ullmark without a rebound.
10:08 of 2nd period - Erik Haula wins face-off versus Andrew Copp in NEW YORK Rangers zone.
10:25 of 2nd period - Shot by Jacob Middleton.
10:25 of 2nd period - Deflect By Andrew Copp.
10:25 of 2nd period - Stopped by Filip Gustavsson with a rebound.
10:28 of 2nd period - Icing by Colin Miller.
10:29 of 2nd period - Erik Haula wins face-off versus Brayden Schenn in ST. LOUIS Blues zone.
10:54 of 2nd period - Marcus Johansson is hit by Brayden Schenn and loses puck.
11:57 of 2nd period - Jack Roslovic is hit by Justin Faulk and loses puck.
12:02 of 2nd period - Shot by Roope Hintz.
12:02 of 2nd period - Shot Misses the Net.
12:04 of 2nd period - Shot by Gustav Forsling.
12:04 of 2nd period - Stopped by Linus Ullmark without a rebound.
12:05 of 2nd period - Andrew Copp wins face-off versus Evgeny Kuznetsov in NEW YORK Rangers zone.
12:20 of 2nd period - Shot by Andrew Copp.
12:20 of 2nd period - Stopped by Filip Gustavsson with a rebound.
12:22 of 2nd period - Shot by Andrew Copp.
12:22 of 2nd period - Deflect By Kasperi Kapanen.
12:22 of 2nd period - Stopped by Filip Gustavsson without a rebound.
12:23 of 2nd period - Roope Hintz wins face-off versus Casey Cizikas in ST. LOUIS Blues zone.
12:27 of 2nd period - Off-side.
12:28 of 2nd period - Roope Hintz wins face-off versus Jamie Benn in neutral zone.
12:38 of 2nd period - Shot by Gustav Forsling.
12:38 of 2nd period - Shot Misses the Net.
12:40 of 2nd period - Shot by Gustav Forsling.
12:40 of 2nd period - Shot Hit the Post.
12:44 of 2nd period - Shot by Gustav Forsling.
12:44 of 2nd period - Stopped by Linus Ullmark without a rebound.
12:45 of 2nd period - Brayden Schenn wins face-off versus Evgeny Kuznetsov in NEW YORK Rangers zone.
12:54 of 2nd period - Shot by Jonathan Marchessault.
12:54 of 2nd period - Stopped by Linus Ullmark without a rebound.
12:55 of 2nd period - Roope Hintz wins face-off versus Jamie Benn in NEW YORK Rangers zone.
13:40 of 2nd period - Shot by Roope Hintz.
13:40 of 2nd period - Stopped by Linus Ullmark without a rebound.
13:41 of 2nd period - Brayden Schenn wins face-off versus Evgeny Kuznetsov in NEW YORK Rangers zone.
13:41 of 2nd period - Brayden Schenn is hit by Oliver Bjorkstrand.
14:00 of 2nd period - Icing by Erik Gustafsson.
14:01 of 2nd period - Andrew Copp wins face-off versus Evgeny Kuznetsov in ST. LOUIS Blues zone.
14:04 of 2nd period - Shot by Kasperi Kapanen.
14:04 of 2nd period - Stopped by Filip Gustavsson without a rebound.
14:05 of 2nd period - Erik Haula wins face-off versus Brayden Schenn in ST. LOUIS Blues zone.
14:05 of 2nd period - Erik Karlsson is hit by Brayden Schenn and loses puck.
14:18 of 2nd period - Shot by Brandon Tanev.
14:18 of 2nd period - Shot Misses the Net.
14:31 of 2nd period - Jared Spurgeon is hit by Marcus Johansson and loses puck.
14:37 of 2nd period - Icing by Justin Faulk.
14:38 of 2nd period - Evgeny Kuznetsov wins face-off versus Brayden Schenn in NEW YORK Rangers zone.
14:51 of 2nd period - Shot by Evgeny Kuznetsov.
14:51 of 2nd period - Shot Hit the Post.
14:54 of 2nd period - Icing by Jared Spurgeon.
14:55 of 2nd period - Brayden Schenn wins face-off versus Roope Hintz in NEW YORK Rangers zone.
14:55 of 2nd period - Brayden Schenn is hit by Calle Jarnkrok.
15:29 of 2nd period - Minor Penalty to Colin Miller for High sticking.
15:30 of 2nd period - Roope Hintz wins face-off versus Jamie Benn in ST. LOUIS Blues zone.
16:07 of 2nd period - Shot by Jamie Benn.
16:07 of 2nd period - Deflect By Andrew Copp.
16:07 of 2nd period - Shot Hit the Post.
16:09 of 2nd period - Shot by Jamie Benn.
16:09 of 2nd period - Stopped by Filip Gustavsson without a rebound.
16:10 of 2nd period - Roope Hintz wins face-off versus Kasperi Kapanen in ST. LOUIS Blues zone.
16:43 of 2nd period - Shot by Brayden Schenn.
16:43 of 2nd period - Shot Misses the Net.
17:03 of 2nd period - Off-side.
17:04 of 2nd period - Jamie Benn wins face-off versus Jack Roslovic in neutral zone.
17:16 of 2nd period - Icing by Jamie Benn.
17:17 of 2nd period - Jamie Benn wins face-off versus Roope Hintz in NEW YORK Rangers zone.
17:21 of 2nd period - Icing by Jamie Benn.
17:22 of 2nd period - Jamie Benn wins face-off versus Roope Hintz in NEW YORK Rangers zone.
17:27 of 2nd period - Shot by Andrew Copp.
17:27 of 2nd period - Stopped by Filip Gustavsson with a rebound.
17:29 of 2nd period - Shot by Tyler Myers.
17:29 of 2nd period - Stopped by Filip Gustavsson without a rebound.
17:30 of 2nd period - Jamie Benn wins face-off versus Erik Haula in ST. LOUIS Blues zone.
19:10 of 2nd period - Shot by Evgeny Kuznetsov.
19:10 of 2nd period - Stopped by Linus Ullmark without a rebound.
19:11 of 2nd period - Brayden Schenn wins face-off versus Roope Hintz in NEW YORK Rangers zone.
19:22 of 2nd period - Minor Penalty to Timo Meier for Hooking.
19:23 of 2nd period - Roope Hintz wins face-off versus Jamie Benn in NEW YORK Rangers zone.
19:26 of 2nd period - Shot by Erik Karlsson.
19:26 of 2nd period - Shot Misses the Net.
19:28 of 2nd period - Shot by Gustav Forsling.
19:28 of 2nd period - Goal by Gustav Forsling - NEW YORK Rangers : 2 - ST. LOUIS Blues : 4.
19:29 of 2nd period - Roope Hintz wins face-off versus Mats Zuccarello in neutral zone.
Goals for this period are 0 for NEW YORK Rangers vs 2 for ST. LOUIS Blues.
Shots for this period are 11 for NEW YORK Rangers vs 12 for ST. LOUIS Blues.

3rd period


0:01 of 3rd period - Evgeny Kuznetsov wins face-off versus Jamie Benn in neutral zone.
0:03 of 3rd period - Gustav Forsling is hit by Jared Spurgeon.
0:10 of 3rd period - Mats Zuccarello is hit by Erik Karlsson and loses puck.
0:25 of 3rd period - Shot by Jamie Benn.
0:25 of 3rd period - Stopped by Filip Gustavsson without a rebound.
0:26 of 3rd period - Jack Roslovic wins face-off versus Conor Garland in ST. LOUIS Blues zone.
0:51 of 3rd period - Shot by Roope Hintz.
0:51 of 3rd period - Stopped by Linus Ullmark with a rebound.
0:58 of 3rd period - Off-side.
0:59 of 3rd period - Jamie Benn wins face-off versus Evgeny Kuznetsov in neutral zone.
1:02 of 3rd period - Shot by Justin Faulk.
1:02 of 3rd period - Stopped by Filip Gustavsson with a rebound.
1:43 of 3rd period - Icing by Justin Faulk.
1:44 of 3rd period - Roope Hintz wins face-off versus Jamie Benn in NEW YORK Rangers zone.
1:44 of 3rd period - Roope Hintz is hit by Justin Faulk.
2:03 of 3rd period - Off-side.
2:04 of 3rd period - Erik Haula wins face-off versus Andrew Copp in neutral zone.
2:08 of 3rd period - Off-side.
2:09 of 3rd period - Roope Hintz wins face-off versus Andrew Copp in neutral zone.
2:30 of 3rd period - Shot by Kasperi Kapanen.
2:30 of 3rd period - Stopped by Filip Gustavsson without a rebound.
2:31 of 3rd period - Brayden Schenn wins face-off versus Evgeny Kuznetsov in ST. LOUIS Blues zone.
2:41 of 3rd period - Minor Penalty to Gustav Forsling for Roughing.
2:42 of 3rd period - Jamie Benn wins face-off versus Roope Hintz in ST. LOUIS Blues zone.
3:10 of 3rd period - Icing by Jamie Benn.
3:11 of 3rd period - Jamie Benn wins face-off versus Roope Hintz in NEW YORK Rangers zone.
3:44 of 3rd period - Icing by Chris Kreider.
3:45 of 3rd period - Jamie Benn wins face-off versus Roope Hintz in NEW YORK Rangers zone.
4:14 of 3rd period - Shot by Roope Hintz.
4:14 of 3rd period - Stopped by Linus Ullmark without a rebound.
4:15 of 3rd period - Erik Haula wins face-off versus Brayden Schenn in NEW YORK Rangers zone.
5:08 of 3rd period - Shot by Erik Haula.
5:08 of 3rd period - Stopped by Linus Ullmark without a rebound.
5:09 of 3rd period - Roope Hintz wins face-off versus Jamie Benn in NEW YORK Rangers zone.
5:36 of 3rd period - Shot by Chris Kreider.
5:36 of 3rd period - Shot Misses the Net.
6:27 of 3rd period - Shot by Brayden Schenn.
6:27 of 3rd period - Shot Misses the Net.
6:29 of 3rd period - Shot by Tyler Myers.
6:29 of 3rd period - Shot Misses the Net.
6:31 of 3rd period - Shot by Brayden Schenn.
6:31 of 3rd period - Deflect By Timo Meier.
6:31 of 3rd period - Stopped by Filip Gustavsson without a rebound.
6:32 of 3rd period - Oliver Bjorkstrand wins face-off versus Andrew Copp in ST. LOUIS Blues zone.
6:36 of 3rd period - Icing by Evgeny Kuznetsov.
6:37 of 3rd period - Andrew Copp wins face-off versus Evgeny Kuznetsov in ST. LOUIS Blues zone.
7:48 of 3rd period - Icing by Tyler Myers.
7:49 of 3rd period - Jamie Benn wins face-off versus Marcus Johansson in NEW YORK Rangers zone.
7:56 of 3rd period - Shot by Chris Kreider.
7:56 of 3rd period - Stopped by Filip Gustavsson without a rebound.
7:57 of 3rd period - Calle Jarnkrok wins face-off versus Jamie Benn in ST. LOUIS Blues zone.
7:57 of 3rd period - Calle Jarnkrok is hit by Jamie Benn.
8:13 of 3rd period - Shot by Calle Jarnkrok.
8:13 of 3rd period - Shot Blocked by Justin Faulk.
8:15 of 3rd period - Shot by Damon Severson.
8:15 of 3rd period - Goal by Damon Severson - NEW YORK Rangers : 2 - ST. LOUIS Blues : 5.
8:15 of 3rd period - Eric Comrie enters game.
8:16 of 3rd period - Brayden Schenn wins face-off versus Erik Haula in neutral zone.
8:27 of 3rd period - Shot by Erik Haula.
8:27 of 3rd period - Stopped by Eric Comrie without a rebound.
8:28 of 3rd period - Robby Fabbri wins face-off versus Jamie Benn in NEW YORK Rangers zone.
9:10 of 3rd period - Robby Fabbri is hit by Justin Faulk and loses puck.
10:04 of 3rd period - Icing by Gustav Forsling.
10:05 of 3rd period - Andrew Copp wins face-off versus Evgeny Kuznetsov in ST. LOUIS Blues zone.
10:10 of 3rd period - Shot by Andrew Copp.
10:10 of 3rd period - Shot Hit the Post.
10:12 of 3rd period - Shot by Jacob Middleton.
10:12 of 3rd period - Stopped by Filip Gustavsson with a rebound.
10:14 of 3rd period - Shot by Dante Fabbro.
10:14 of 3rd period - Shot Misses the Net.
10:16 of 3rd period - Shot by Jacob Middleton.
10:16 of 3rd period - Stopped by Filip Gustavsson without a rebound.
10:17 of 3rd period - Timo Meier wins face-off versus Roope Hintz in ST. LOUIS Blues zone.
10:34 of 3rd period - Shot by Timo Meier.
10:34 of 3rd period - Shot Blocked by Damon Severson.
10:36 of 3rd period - Shot by Brayden Schenn.
10:36 of 3rd period - Shot Blocked by Damon Severson.
10:38 of 3rd period - Shot by Brayden Schenn.
10:38 of 3rd period - Goal by Brayden Schenn - NEW YORK Rangers : 3 - ST. LOUIS Blues : 5.
10:39 of 3rd period - Andrew Copp wins face-off versus Erik Haula in neutral zone.
11:16 of 3rd period - Shot by Andrew Copp.
11:16 of 3rd period - Shot Misses the Net.
11:39 of 3rd period - Icing by Tyler Myers.
11:40 of 3rd period - Roope Hintz wins face-off versus Jamie Benn in NEW YORK Rangers zone.
11:49 of 3rd period - Shot by Chris Kreider.
11:49 of 3rd period - Stopped by Filip Gustavsson without a rebound.
11:50 of 3rd period - Brayden Schenn wins face-off versus Oliver Bjorkstrand in ST. LOUIS Blues zone.
11:53 of 3rd period - Shot by Conor Garland.
11:53 of 3rd period - Stopped by Filip Gustavsson without a rebound.
11:54 of 3rd period - Roope Hintz wins face-off versus Jamie Benn in ST. LOUIS Blues zone.
12:09 of 3rd period - Jared Spurgeon is hit by Erik Karlsson and loses puck.
12:20 of 3rd period - Shot by Calle Jarnkrok.
12:20 of 3rd period - Shot Misses the Net.
12:36 of 3rd period - Shot by Jack Roslovic.
12:36 of 3rd period - Shot Misses the Net.
12:38 of 3rd period - Shot by Roope Hintz.
12:38 of 3rd period - Stopped by Eric Comrie without a rebound.
12:39 of 3rd period - Jonathan Marchessault wins face-off versus Brayden Schenn in NEW YORK Rangers zone.
12:42 of 3rd period - Shot by Jonathan Marchessault.
12:42 of 3rd period - Shot Blocked by Brayden Schenn.
12:44 of 3rd period - Shot by Damon Severson.
12:44 of 3rd period - Stopped by Eric Comrie without a rebound.
12:45 of 3rd period - Evgeny Kuznetsov wins face-off versus Brayden Schenn in NEW YORK Rangers zone.
12:45 of 3rd period - Evgeny Kuznetsov is hit by Tyler Myers.
12:49 of 3rd period - Shot by Oliver Bjorkstrand.
12:49 of 3rd period - Stopped by Eric Comrie without a rebound.
12:50 of 3rd period - Brayden Schenn wins face-off versus Evgeny Kuznetsov in NEW YORK Rangers zone.
12:55 of 3rd period - Damon Severson is hit by Timo Meier.
13:05 of 3rd period - Shot by Timo Meier.
13:05 of 3rd period - Stopped by Filip Gustavsson without a rebound.
13:06 of 3rd period - Roope Hintz wins face-off versus Jamie Benn in ST. LOUIS Blues zone.
13:37 of 3rd period - Justin Faulk is hit by Jack Roslovic and loses puck.
13:51 of 3rd period - Shot by Chris Kreider.
13:51 of 3rd period - Shot Blocked by Erik Karlsson.
14:05 of 3rd period - Shot by Timo Meier.
14:05 of 3rd period - Shot Misses the Net.
14:32 of 3rd period - Shot by Timo Meier.
14:32 of 3rd period - Deflect By Brayden Schenn.
14:32 of 3rd period - Stopped by Filip Gustavsson without a rebound.
14:32 of 3rd period - Minor Penalty to Filip Gustavsson for Delaying the game.
14:33 of 3rd period - Erik Haula wins face-off versus Jamie Benn in ST. LOUIS Blues zone.
14:33 of 3rd period - Erik Haula is hit by Jamie Benn.
15:14 of 3rd period - Icing by Chris Kreider.
15:15 of 3rd period - Jamie Benn wins face-off versus Erik Haula in NEW YORK Rangers zone.
16:13 of 3rd period - Shot by Tyler Myers.
16:13 of 3rd period - Shot Misses the Net.
16:15 of 3rd period - Shot by Cam Fowler.
16:15 of 3rd period - Stopped by Filip Gustavsson without a rebound.
16:16 of 3rd period - Roope Hintz wins face-off versus Brayden Schenn in ST. LOUIS Blues zone.
16:25 of 3rd period - Shot by Brayden Schenn.
16:25 of 3rd period - Shot Misses the Net.
16:27 of 3rd period - Shot by Tyler Myers.
16:27 of 3rd period - Stopped by Filip Gustavsson without a rebound.
16:28 of 3rd period - Jamie Benn wins face-off versus Roope Hintz in ST. LOUIS Blues zone.
16:45 of 3rd period - Shot by Marcus Johansson.
16:45 of 3rd period - Stopped by Eric Comrie without a rebound.
16:46 of 3rd period - Andrew Copp wins face-off versus Evgeny Kuznetsov in NEW YORK Rangers zone.
16:46 of 3rd period - Andrew Copp is hit by Evgeny Kuznetsov.
16:53 of 3rd period - Kirill Marchenko is hit by Jonathan Marchessault.
17:23 of 3rd period - Shot by Andrew Copp.
17:23 of 3rd period - Stopped by Filip Gustavsson without a rebound.
17:24 of 3rd period - Jamie Benn wins face-off versus Kevin Labanc in ST. LOUIS Blues zone.
18:39 of 3rd period - Icing by Jared Spurgeon.
18:40 of 3rd period - Evgeny Kuznetsov wins face-off versus Timo Meier in NEW YORK Rangers zone.
19:05 of 3rd period - Shot by Evgeny Kuznetsov.
19:05 of 3rd period - Shot Misses the Net.
19:08 of 3rd period - Icing by Jared Spurgeon.
19:09 of 3rd period - Brayden Schenn wins face-off versus Roope Hintz in NEW YORK Rangers zone.
19:32 of 3rd period - Shot by Roope Hintz.
19:32 of 3rd period - Shot Misses the Net.
19:34 of 3rd period - Shot by Colin Miller.
19:34 of 3rd period - Stopped by Eric Comrie with a rebound.
19:59 of 3rd period - Icing by Timo Meier.
Goals for this period are 1 for NEW YORK Rangers vs 1 for ST. LOUIS Blues.
Shots for this period are 15 for NEW YORK Rangers vs 10 for ST. LOUIS Blues. Output by the SimonT Hockey Simulator (STHS) for Martin Benoit - Original Page W3C HTML5 Valid
Hockey Simulator - Hockey Simulation - Hockey Manager